 Dungeon Crawl Stone Soup version 0.26.0-10-g1f06aea511 (webtiles) character file.

Game seed: 12805096410450438864

597 ythm the Cudgeller (level 7, 63/63 HPs)
             Began as a Troll Hunter on Jan 14, 2021.
             Was an Initiate of Makhleb.
             Quit the game on level 4 of the Dungeon.
             The game lasted 00:05:24 (2905 turns).

ythm the Cudgeller (Troll Hunter)                   Turns: 2905, Time: 00:05:24

Health: 63/63      AC:  6    Str: 22    XL:     7   Next: 17%
Magic:  6/6        EV: 14    Int: 11    God:    Makhleb [......]
Gold:   151        SH:  0    Dex: 11    Spells: 6/6 levels left

rFire    . . .     SeeInvis .   i - +0 whip
rCold    . . .     Faith    .   (no shield)
rNeg     + . .     Spirit   +   b - +0 robe
rPois    .         Reflect  .   (helmet restricted)
rElec    .         Harm     .   (no cloak)
rCorr    .         Rampage  .   (gloves unavailable)
Will     .....     Rnd*Tele +   (boots unavailable)
Stlth    +.........             v - amulet of the Iron Devil {Spirit rN+ Int+4}
HPRegen  0.60/turn              u - ring of teleportation (curse)
MPRegen  0.10/turn              h - +4 ring of evasion

@: no status effects
A: large, unfitting armour, claws 3, regeneration 1, shaggy fur 1, tough skin 3
a: Renounce Religion


You were on level 4 of the Dungeon.
You worshipped Makhleb.
Makhleb was noncommittal.
You visited 2 branches of the dungeon, and saw 6 of its levels.

You collected 151 gold pieces.

Inventory:

Hand Weapons
 a - a +0 short sword
 i - a +0 whip (weapon)
Missiles
 c - 8 large rocks (quivered)
 d - 2 throwing nets
 t - 8 poisoned darts
Armour
 b - a +0 robe (worn)
Jewellery
 h - a +4 ring of evasion (right claw)
 p - an uncursed ring of see invisible
 u - a cursed ring of teleportation (left claw)
 v - the amulet of the Iron Devil (around neck) {Spirit rN+ Int+4}
   (You found it on level 5 of the Dungeon)

   [amulet of guardian spirit]

   It causes incoming damage to be split between your health and magic.
   It affects your intelligence (+4).
   It protects you from negative energy.
Scrolls
 f - a scroll of amnesia {unknown}
 g - 4 scrolls of random uselessness {unknown}
 k - a scroll of fear {unknown}
 m - 2 scrolls of remove curse {unknown}
 n - a scroll of immolation {unknown}
 q - a scroll of identify {unknown}
 r - a scroll of fog {unknown}
 w - a scroll of teleportation {unknown}
Potions
 e - a potion of mutation {unknown}
 j - a potion of brilliance
 l - a potion of lignification
 o - a potion of curing
 s - 2 potions of flight {unknown}
 x - a potion of degeneration {unknown}


   Skills:
 - Level 1.8 Fighting
 + Level 6.9 Maces & Flails
 - Level 3.6 Throwing
 - Level 1.5 Dodging
 - Level 0.3 Stealth


You had 6 spell levels left.
You didn't know any spells.
Your spell library was empty.

Dungeon Overview and Level Annotations

Branches:
Dungeon (5/15)             Temple (1/1) D:4

Altars:
Ashenzari
Cheibriados
Dithmenos
Fedhas
Gozag
Kikubaaqudgha
Makhleb
Nemelex Xobeh
Okawaru
Ru
Trog
Uskayaw
Vehumet
Yredelemnul
Zin
The Shining One


Innate Abilities, Weirdness & Mutations

You are too large for most types of armour.
You have claws for hands.
Your natural rate of healing is unusually fast.
You are covered in fur. (AC +1)
You have extremely tough skin. (AC +3)


Message History

Makhleb welcomes you!
Unknown command.
Press < or > to pray at altars.
There is a staircase back to the Dungeon here.
You climb upwards.
Welcome back to the Dungeon!
There is a staircase to the Ecumenical Temple here.
You see here the felid skeleton of Natasha.
Items here: )) [ ÷÷.
No target in view!
You now have 151 gold pieces (gained 10).
Key pressed, stopping explore.
No target in view!
Things that are here:
a +0 club; an orc skeleton No target in view!
No target in view!
The orc shouts!
You see here a scroll labelled JENANT IQUZI.
An orc is nearby!
Are you sure you want to abandon this character and quit the game? (Confirm with "yes".)

# ########## # #........######
###### # ##........#... ...... ##
#####...........#### ##... .#
#..................######.... .#
##.###........?)##..........## .#
#...##.......@......# #.......
.###.|.##...)....[.###.####..#)..
..)....###........## #..#...##.#.
###.##...#........# #....###....
##...##.....o.[....###>.####..#.#
#.....###..........#......#..##.#
.......#...........#.####...###.#
..._..)†............. ##..####.#
.......#............## #...# #..#


You could see an orc.

Vanquished Creatures
  An ice beast (D:5)
  An ogre (D:4)
  An orc priest (D:4)
  A bullfrog skeleton (D:4)
  2 orc wizards (D:4)
  Natasha (thrice) (D:4)
  An iguana (D:5)
  4 worker ants (D:4)
  5 adders
  2 dart slugs
  5 leopard geckos
  13 orcs (D:4)
  3 hobgoblins
  2 jackals (D:3)
  A kobold (D:3)
  3 quokkas
  3 bats
  7 frilled lizards
  7 goblins
  3 rats
68 creatures vanquished.

Notes
Turn   | Place    | Note
-------+----------+-------------------------------------------
     0 | D:1      | ythm the Troll Hunter began the quest for the Orb.
     0 | D:1      | Reached XP level 1. HP: 19/19 MP: 0/0
   245 | D:1      | Reached skill level 1 in Maces & Flails
   345 | D:1      | Reached XP level 2. HP: 23/28 MP: 1/1
   366 | D:1      | You fall into a shaft and drop 1 floor!
  1117 | D:2      | Reached skill level 2 in Maces & Flails
  1117 | D:2      | Reached XP level 3. HP: 13/35 MP: 2/2
  1433 | D:2      | Found a basalt altar of Yredelemnul.
  1876 | D:3      | Reached skill level 3 in Maces & Flails
  1881 | D:3      | Reached XP level 4. HP: 28/42 MP: 3/3
  2014 | D:3      | You fall into a shaft and drop 2 floors!
  2014 | D:5      | Entered Level 5 of the Dungeon
  2068 | D:5      | Noticed an ice beast
  2070 | D:5      | Got a faintly glowing pewter amulet
  2094 | D:5      | Killed an ice beast
  2095 | D:5      | Reached skill level 4 in Maces & Flails
  2095 | D:5      | Reached XP level 5. HP: 42/49 MP: 4/4
  2105 | D:5      | Identified the amulet of the Iron Devil {Spirit rN+ Int+4}
                  | (You found it on level 5 of the Dungeon)
  2188 | D:4      | Noticed Natasha
  2191 | D:4      | Killed Natasha
  2192 | D:4      | Reached skill level 5 in Maces & Flails
  2207 | D:4      | Found a glowing silver altar of Zin.
  2278 | D:4      | Noticed an ogre
  2297 | D:4      | Killed an ogre
  2298 | D:4      | Reached XP level 6. HP: 52/57 MP: 3/5
  2302 | D:4      | Noticed Natasha
  2330 | D:4      | Killed Natasha
  2376 | D:4      | Reached skill level 6 in Maces & Flails
  2411 | D:4      | Noticed Natasha
  2430 | D:4      | Killed Natasha
  2431 | D:4      | Reached XP level 7. HP: 23/63 MP: 1/6
  2636 | D:4      | Found a staircase to the Ecumenical Temple.
  2692 | Temple   | Entered the Ecumenical Temple
  2793 | Temple   | Became a worshipper of Makhleb the Destroyer
  2905 | D:4      | Quit the game

Illustrated notes

Levels and vault maps discovered:
D:1:      sevenhm_arrival_forest_fort_large_3, layout_basic,
          minmay_misc_feat_cross, chequers_serial_rivers_small_3,
          minmay_lizard_pond
D:2:      layout_basic, nicolae_overflow_crystal_walls
D:3:      layout_loops_ring, overflow_temple_1_default
D:4:      layout_rooms, lemuel_round_altar, minmay_temple_entry_junction,
          gammafunk_ghost_arena, uniq_natasha
D:5:      layout_loops_ring, serial_shops, shop_statue
Temple:   jpeg_temple_clearing

Skill      XL: |  1  2  3  4  5  6 |
---------------+-------------------+-----
Maces & Flails | 1 2 3 4 5 6 |  6.9
Fighting       | |  1.8
Throwing       | |  3.6
Dodging        | |  1.5
Stealth        | |  0.3

Action                   |  1- 3 |  4- 6 |  7- 9 || total
-------------------------+-------+-------+-------++-------
Melee: Whip              |   140 |   237 |    57 ||   434
       Short sword       |     3 |       |       ||     3
Throw: Large rock        |       |     7 |     2 ||     9
  Use: Potion            |       |     4 |       ||     4
 Stab: Sleeping          |       |     1 |       ||     1
Armor: Robe              |    70 |    27 |    13 ||   110
       Skin              |       |    62 |     1 ||    63
Dodge: Dodged            |   118 |   148 |    48 ||   314
